 Dungeon Crawl Stone Soup version 0.29-a0-271-gd4eb659eea (webtiles) character file.

Game seed: 12042409999311162287

16 AlexTheTrain1 the Skirmisher (level 2, -2/27 HPs)
             Began as a Minotaur Fighter on Mar 8, 2022.
             Succumbed to a kobold's poison
             ... on level 1 of the Dungeon.
             The game lasted 00:01:09 (493 turns).

AlexTheTrain1 the Skirmisher (Minotaur Fighter)      Turns: 493, Time: 00:01:09

Health: -2/27      AC:  6    Str: 20    XL:     2   Next: 41%
Magic:  1/1        EV:  9    Int:  5    God:
Gold:   23         SH:  4    Dex:  9    Spells: 1/1 levels left

rFire   . . .      SeeInvis .   a - +0 war axe
rCold   . . .      Faith    .   c - +0 buckler
rNeg    . . .      Spirit   .   b - +0 scale mail
rPois   .          Reflect  .   (helmet restricted)
rElec   .          Harm     .   (no cloak)
rCorr   .          Rampage  .   (no gloves)
Will    .....                   (no boots)
Stlth   ..........              (no amulet)
HPRegen 0.09/turn               (no ring)
MPRegen 0.07/turn               (no ring)

@: lethally poisoned (-2 -> -14), flying
A: horns 2, retaliatory headbutt
a: no special abilities


You were on level 1 of the Dungeon.
You visited 1 branch of the dungeon, and saw 1 of its levels.

You collected 23 gold pieces.

Inventory:

Hand Weapons
 a - a +0 war axe (weapon)
Armour
 b - a +0 scale mail (worn)
 c - a +0 buckler (worn)
Scrolls
 e - a scroll of identify {unknown}
Potions
 d - 2 potions of might


   Skills:
 + Level 4.2 Fighting
 * Level 3.1 Axes
 - Level 3.6 Armour
 - Level 3.6 Shields


You had one spell level left.
You didn't know any spells.
Your spell library contained the following spells:

 Spells                   Type           Power      Damage    Failure   Level
 Blink                    Tloc           0%         N/A       96%         2
 Lesser Beckoning         Tloc           0%         N/A       99%         3
 Manifold Assault         Tloc           0%         N/A       100%        5


Dungeon Overview and Level Annotations

Branches:
Dungeon (1/15)

Altars:


Innate Abilities, Weirdness & Mutations

You have a pair of horns on your head.
You reflexively headbutt those who attack you in melee.


Message History

You add the spells Blink, Lesser Beckoning and Manifold Assault to your library.
Found a dagger.
A frilled lizard comes into view.
The frilled lizard hisses angrily.
A kobold comes into view. It is wielding a +0 dagger of venom.
There are monsters nearby!
There are monsters nearby!
The kobold shouts!
The frilled lizard barely misses you. You furiously retaliate!
You headbutt the frilled lizard!
You kill the frilled lizard!
You closely miss the kobold. The kobold hits you but does no damage.
You are poisoned.
The kobold closely misses you.
You closely miss the kobold. You headbutt the kobold.
The kobold is moderately wounded.
You feel very sick.
The kobold hits you with a +0 dagger of venom.
You are more poisoned.
You barely miss the kobold. Your headbutt misses the kobold.
The kobold is moderately wounded.
You feel very sick. You block the kobold's attack.
The kobold hits you but does no damage.
You are lethally poisoned!
You closely miss the kobold. You headbutt the kobold.
You kill the kobold!
* * * LOW HITPOINT WARNING * * *
You feel extremely sick.
* * * LOW HITPOINT WARNING * * *
You feel very sick.
Things that are here:
a +0 dagger of venom; a frilled lizard corpse
There is a lethal amount of poison in your body!
It was a potion of flight.
You feel very buoyant.
You fly up into the air.
* * * LOW HITPOINT WARNING * * *
You feel very sick.
There is a lethal amount of poison in your body!
You die...

#..#.#.# #.....######>.#
#....#.# #.....# #..[
#...## # #.....#######..
.... ####..........##..
...#.###.####.##..
#..#.###.# .###.
###..#.....####.# ##
#..).###.)......##
#.#@.##...##.....
#.##.#..#.....#.##.#
#...............##.# #
#.##.#.............##.#
#....#.#............>.#
#.#..#.##.....#..#.##.#
###...##.##.....#.......#
#........##.....##.##.#.#
#...)....##.....##......#


There were no monsters in sight!

Vanquished Creatures
  A ball python (D:1)
  2 endoplasms (D:1)
  A giant cockroach (D:1)
  4 goblins (D:1)
  2 bats (D:1)
  2 frilled lizards (D:1)
  2 kobolds (D:1)
  2 rats (D:1)
  3 toadstools (D:1)
19 creatures vanquished.

Vanquished Creatures (others)
  A toadstool (D:1)
1 creature vanquished.

Grand Total: 20 creatures vanquished

Notes
Turn   | Place    | Note
-------+----------+-------------------------------------------
     0 | D:1      | AlexTheTrain1 the Minotaur Fighter began the quest for the
                  | Orb.
     0 | D:1      | Reached XP level 1. HP: 19/19 MP: 0/0
   248 | D:1      | Reached skill level 4 in Fighting
   252 | D:1      | Reached XP level 2. HP: 26/27 MP: 1/1
   492 | D:1      | HP: 1/27 [poisoned by a kobold]
   493 | D:1      | Succumbed to a kobold's poison

Illustrated notes

Levels and vault maps discovered:
D:1:      ldierk_water_garden, layout_loops_cross

Skill      XL: |  1  2 |
---------------+-------+-----
Fighting       | 4 |  4.2
Axes           | 3 |  3.1
Armour         | |  3.6
Shields        | |  3.6

Action                   || total
-------------------------++-------
Melee: War axe           ||    33
       Headbutt          ||     6
  Use: Potion            ||     1
Armor: Scale mail        ||    15
Dodge: Dodged            ||    16
Block: Buckler           ||    11

Table legend: (Time is in decaauts)
 A = Elapsed time spent in this place.
 B = Non-inter-level travel time spent in this place.
 C = Inter-level travel time spent in this place.
 D = Time resting spent in this place.
 E = Time spent auto-exploring this place.
 F = Levels seen in this place.
 G = Mean time per level.
                   A        B        C        D        E       F      G
               +--------+--------+--------+--------+--------+-----+--------+
         Total |    506 |    482 |     24 |      0 |    378 |   1 |  506.0 |
       Dungeon |    506 |    482 |     24 |      0 |    378 |   1 |  506.0 |
               +--------+--------+--------+--------+--------+-----+--------+

Top non-repeatable levels by time:
     D:1: 506 daAuts
